 Dungeon Crawl Stone Soup version 0.23.2-30-g0e89c35649 (webtiles) character file.

Game seed: 2843092725904683401

935 shadizar the Cudgeler (level 8, -9/49 HPs)
             Began as a Gargoyle Fighter on June 8, 2019.
             Splashed by Ijyb's acid (13 damage)
             ... on level 5 of the Dungeon.
             The game lasted 00:06:15 (4005 turns).

shadizar the Cudgeler (Gargoyle Fighter)            Turns: 4005, Time: 00:06:15

Health: -9/49      AC:  8    Str: 21    XL:     8   Next: 11%
Magic:  8/8        EV:  8    Int: 10    God:
Gold:   216        SH: 10    Dex:  9    Spells: 7/7 levels left

rFire    . . .     SeeInvis .   e - +0 mace (curse)
rCold    . . .     Gourm    .   c - +0 shield
rNeg     + . .     Faith    .   b - +0 scale mail
rPois    ∞         Spirit   .   (no helmet)
rElec    +         Reflect  .   (no cloak)
rCorr    .         Harm     .   (no gloves)
MR       .....                  (no boots)
Stlth    ..........             (no amulet)
HPRegen  0.16/turn              (no ring)
MPRegen  0.11/turn              (no ring)

@: corroded
A: negative energy resistance 1, electricity resistance, unbreathing,
petrification resistance, rot immunity, AC +5
a: no special abilities


You were on level 5 of the Dungeon.
You were not hungry.

You visited 1 branch of the dungeon, and saw 5 of its levels.

You collected 216 gold pieces.

Inventory:

Hand Weapons
 a - a +0 flail
 e - a cursed +0 mace (weapon)
Armour
 b - a +0 scale mail (worn)
 c - a +0 shield (worn)
 g - a +0 plate armour
 x - a +0 pair of gloves
Jewellery
 j - an uncursed amulet of the acrobat {unknown}
 q - a cursed -2 ring of dexterity {unknown}
 z - an uncursed ring of flight {unknown}
Wands
 A - a wand of flame (20)
Scrolls
 h - a scroll of teleportation {unknown}
 k - 7 scrolls of identify {unknown}
 l - 2 scrolls of remove curse {unknown}
 o - 2 scrolls of immolation {unknown}
 p - a scroll of enchant weapon {unknown}
 t - 2 scrolls of random uselessness {unknown}
 w - a scroll of fear {unknown}
 y - a scroll of magic mapping {unknown}
 B - a scroll of enchant armour {unknown}
 D - a scroll of amnesia {unknown}
Potions
 d - a potion of might
 i - a potion of heal wounds {unknown}
 m - a potion of curing {unknown}
 n - a potion of lignification {unknown}
 r - 3 potions of mutation {unknown}
 s - a potion of flight {unknown}
 u - 2 potions of agility {unknown}
 v - a potion of invisibility {unknown}
 C - a potion of haste {unknown}
Comestibles
 f - 9 rations
 E - 2 chunks of flesh


   Skills:
 + Level 5.1 Fighting
 + Level 5.8 Maces & Flails
 + Level 4.5 Armour
 + Level 2.2 Dodging
 + Level 0.6 Stealth
 + Level 5.7 Shields


You had 7 spell levels left.
You didn't know any spells.
Your spell library contained the following spells:

 Spells                   Type           Power        Failure   Level  Hunger
 Confusing Touch          Hex            #.....       97%         1    ##.....
 Magic Dart               Conj           #...         97%         1    ##.....
 Searing Ray              Conj           #.....       99%         2    ###....
 Confuse                  Hex            #.......     100%        3    ####...
 Dazzling Spray           Conj/Hex       #.....       100%        3    ####...
 Gell's Gravitas          Tloc           #.........   100%        3    ####...
 Force Lance              Conj/Tloc      #.......     100%        4    #####..
 Fulminant Prism          Conj/Hex       #.........   100%        4    #####..
 Iskenderun's Mystic Bla  Conj           #.......     100%        4    #####..
 Petrify                  Tmut/Erth      #.......     100%        4    #####..
 Metabolic Englaciation   Hex/Ice        #.........   100%        5    ######.
 Yara's Violent Unravell  Hex/Tmut       #.........   100%        5    ######.


Dungeon Overview and Level Annotations

Branches:
Dungeon (5/15)
 Temple: D:4-7

Altars:
Cheibriados
Okawaru
Qazlal
Uskayaw
Yredelemnul

Shops:
D:4 *

Annotations:
D:5 Ijyb


Innate Abilities, Weirdness & Mutations

You are resistant to torment.
Your stone body is resilient. (AC +5)
You are immune to poison.
You resist negative energy. (rN+)
You are resistant to electric shocks. (rElec)
You can survive without breathing.
You are immune to petrification.
You are immune to rotting.


Message History

You are too injured to fight recklessly!
You are too injured to fight recklessly!
You are too injured to fight recklessly!
You are too injured to fight recklessly!
You hit Ijyb but do no damage.
Ijyb is severely wounded.
Ijyb hits you with a +0 club.
* * * LOW HITPOINT WARNING * * *
You hit Ijyb but do no damage.
Ijyb is severely wounded.
You block Ijyb's attack.
You closely miss Ijyb.
Ijyb is severely wounded.
You block Ijyb's attack.
You hit Ijyb but do no damage.
Ijyb is severely wounded.
Ijyb zaps a wand.
The bolt of acid hits you.
* * * LOW HITPOINT WARNING * * *
The acid corrodes you!
You are splashed with acid!
You die...

###
###.###
.....#
....#
#...+
#..#
##g.#
#@..#
##...#
#...#
#####


You could see Ijyb.

Vanquished Creatures
  2 phantoms
  An ogre (D:4)
  A scorpion (D:4)
  A howler monkey (D:4)
  2 hounds
  3 orc priests
  7 orc wizards
  13 adders
  2 oozes
  2 adder skeletons (D:4)
  2 worms (D:3)
  A dart slug (D:1)
  5 leopard geckos
  17 orcs
  A ball python (D:1)
  4 giant cockroaches
  7 goblins
  6 hobgoblins
  9 jackals
  4 quokkas
  6 bats
  A frilled lizard (D:3)
  7 kobolds
  5 rats
  A spectral orc (D:3)
110 creatures vanquished.

Notes
Turn   | Place    | Note
-------+----------+-------------------------------------------
     0 | D:1      | shadizar the Gargoyle Fighter began the quest for the Orb.
     0 | D:1      | Reached XP level 1. HP: 14/14 MP: 1/1
   107 | D:1      | Reached XP level 2. HP: 15/19 MP: 2/2
   444 | D:1      | Reached XP level 3. HP: 21/23 MP: 3/3
   697 | D:1      | Reached XP level 4. HP: 7/29 MP: 4/4
  1094 | D:2      | Reached skill level 1 in Dodging
  1249 | D:2      | Found a snail-covered altar of Cheibriados.
  1387 | D:2      | Found a hide-covered altar of Uskayaw.
  1390 | D:2      | Noticed a +0 dagger
  1391 | D:2      | Noticed a +0 dagger
  1586 | D:3      | Reached XP level 5. HP: 16/33 MP: 5/5
  1687 | D:3      | Found a stormy altar of Qazlal.
  1976 | D:3      | Found a basalt altar of Yredelemnul.
  2058 | D:3      | Found an iron altar of Okawaru.
  2225 | D:3      | Reached XP level 6. HP: 35/38 MP: 6/6
  2368 | D:4      | Noticed a phantom
  2440 | D:3      | Killed a phantom
  2600 | D:4      | Reached XP level 7. HP: 41/43 MP: 7/7
  2634 | D:4      | Reached skill level 5 in Maces & Flails
  2649 | D:5      | Entered Level 5 of the Dungeon
  2655 | D:5      | Reached skill level 5 in Shields
  3283 | D:4      | Found Gaakhleg's Serpentskin Sales.
  3577 | D:4      | Reached skill level 5 in Fighting
  3577 | D:4      | Reached XP level 8. HP: 42/49 MP: 8/8
  3728 | D:5      | Noticed Ijyb
  4005 | D:5      | Splashed by Ijyb's acid

Skill      XL: |  1  2  3  4  5  6  7 |
---------------+----------------------+-----
Maces & Flails | 3 4 5 |  5.8
Dodging        | 1 2 |  2.2
Shields        | 4 5 |  5.7
Fighting       | 4 5 |  5.1
Armour         | 4 |  4.5
Stealth        | |  0.6

Action                   |  1- 3 |  4- 6 |  7- 9 || total
-------------------------+-------+-------+-------++-------
Melee: Flail             |   140 |   263 |       ||   403
       Mace              |       |     9 |   168 ||   177
  Eat: Chunk             |       |     7 |     4 ||    11
Armor: Scale mail        |   139 |   164 |    93 ||   396
Dodge: Dodged            |    63 |    88 |    59 ||   210
Block: Shield            |   112 |   147 |   108 ||   367
